 Dungeon Crawl Stone Soup version 0.17-a0-1007-gb2305a1 (webtiles) character file.

531 Jine the Cudgeler (level 7, -4/55 HPs)
             Began as a Human Fighter on May 13, 2015.
             Was a Follower of Okawaru.
             Slain by an ogre
             ... wielding a +0 giant club
              (11 damage)
             ... on level 2 of the Dungeon.
             The game lasted 00:21:01 (5427 turns).

Jine the Cudgeler (Human Fighter)                   Turns: 5427, Time: 00:21:01

Health: -4/55      AC: 10    Str: 19      XL:     7   Next: 48%
Magic:  16/16      EV:  5    Int:  7 (8)  God:    Okawaru [*.....]
Gold:   214        SH:  9    Dex: 12      Spells: 0 memorised, 6 levels left

rFire  . . .     SeeInvis .     f - +1 whip
rCold  . . .     Clarity  .     h - +0 chain mail
rNeg   . . .     SustAb   +     c - +0 shield
rPois  .         Gourm    .     (no helmet)
rElec  .         Spirit   .     j - +0 cloak
rCorr  .         Warding  .     (no gloves)
rMut   .         Stasis   .     (no boots)
MR     .....                    (no amulet)
Stlth  ..........               q - ring of sustain abilities
                                e - ring of magical power

@: very slightly contaminated, not resistant to hostile enchantments, extremely
unstealthy
A: no striking features
a: Heroism, Renounce Religion


You were on level 2 of the Dungeon.
You worshipped Okawaru.
Okawaru was aware of your devotion.
You were not hungry.

You visited 1 branch of the dungeon, and saw 5 of its levels.

You collected 214 gold pieces.

Inventory:

Hand weapons
 a - a +0 flail
 f - a +1 whip (weapon)
 k - a +0 trident
 l - a +0 hunting sling
 m - a +0 flail
Missiles
 o - 39 stones
 r - 5 tomahawks (quivered)
Armour
 b - a +0 scale mail
 c - a +0 shield (worn)
 h - a +0 chain mail (worn)
 j - a +0 cloak (worn)
 u - a +0 scale mail
Jewellery
 e - a ring of magical power (left hand)
 q - a ring of sustain abilities (right hand)
Magical devices
 p - a wand of cold (8)
 t - a wand of random effects (44)
Scrolls
 i - 3 scrolls of remove curse
Potions
 d - a potion of might
Books
 g - a book of Burglary

   Spells                             Type                      Level
   a - Swiftness                      Charms/Air                   2
   b - Passwall                       Transmutation/Earth          3
   c - Passage of Golubria            Translocation                4
   d - Lee's Rapid Deconstruction     Earth                        5
   e - Invisibility                   Hexes                        6
   f - Darkness                       Hexes                        7
Comestibles
 n - a bread ration
 s - 3 meat rations


   Skills:
 + Level 4.4 Fighting
 * Level 5.1 Maces & Flails
 + Level 4.2 Armour
 + Level 4.6 Shields


You had 6 spell levels left.
You didn't know any spells.

Dungeon Overview and Level Annotations

Branches:
Dungeon (5/15)
 Temple: D:4-7

Altars:
Ashenzari
Dithmenos
Fedhas
Gozag
Okawaru
Trog
Vehumet
Yredelemnul
The Shining One

Annotations:
D:2 exclusion: oklob plant
D:5 futacatgirl's ghost, average GrFi


Message History

You climb upwards.
Level annotation: exclusion: oklob plant
There is a stone staircase leading down here.
You climb downwards.
You are feeling hungry.
There is a stone staircase leading up here.
It was a potion of degeneration.
There was something very wrong with that liquid.
You feel somewhat dopey. Something hits you!
* * * LOW HITPOINT WARNING * * *
You climb upwards.
Level annotation: exclusion: oklob plant You flicker for a moment.
There is a stone staircase leading down here.
You flicker back into view.
You see here a giant newt skeleton.
Eat which item? (? for menu, Esc to quit)
Something hits you!
You die...

#.# ...#..#..#.............. #.#
...#..#..#.#####...#.### #.#
....)...#.# #...#.... #.#
#.#.......# #...##### ..#
#.......### #...# ### #####
######.########...##### #...####
#.##...........#.# #####......#
#.##.###<.#.##.#.#
......#.##.#####@##.###.......#.#
#####.#......รท...##.........#...#
#.####.########.###...#...#.#
#.####.# #.............#.#
#>.....# #.#######.#####.#
######## #.# #.## ### #.# #..# #
#.# ####.#### # #.# #.......# #


There were no monsters in sight!

Vanquished Creatures
  The ghost of futacatgirl the Covered, an average GrFi (D:4)
  A phantom (D:4)
  2 orc wizards
  A giant frog skeleton (D:4)
  An iguana (D:4)
  A worker ant (D:4)
  8 adders
  A worker ant zombie (D:5)
  A shadow imp (D:5)
  3 oozes
  2 adder skeletons (D:5)
  3 giant geckos
  14 orcs
  A ball python (D:2)
  9 bats
  9 giant cockroaches
  2 hobgoblins
  3 kobolds
  4 giant newts
  14 goblins
  A quokka (D:4)
  8 rats
90 creatures vanquished.

Notes
Turn   | Place    | Note
--------------------------------------------------------------
     0 | D:1      | Jine the Human Fighter began the quest for the Orb.
     0 | D:1      | Reached XP level 1. HP: 18/18 MP: 1/1
    98 | D:1      | Reached XP level 2. HP: 16/24 MP: 2/2
   661 | D:2      | Reached XP level 3. HP: 4/29 MP: 3/3
  1111 | D:2      | Found a blossoming altar of Fedhas.
  1140 | D:2      | Noticed an oklob plant
  1285 | D:2      | Reached XP level 4. HP: 28/35 MP: 4/4
  1675 | D:3      | Found an iron altar of Okawaru.
  1719 | D:3      | Became a worshipper of Warmaster Okawaru
  1752 | D:3      | Found a shadowy altar of Dithmenos.
  1754 | D:3      | Found a bloodstained altar of Trog.
  1755 | D:3      | Found a radiant altar of Vehumet.
  1778 | D:3      | Reached XP level 5. HP: 31/41 MP: 5/5
  2238 | D:3      | Found a shattered altar of Ashenzari.
  2832 | D:4      | Noticed a phantom
  2871 | D:4      | Killed a phantom
  2871 | D:4      | Reached skill level 4 in Fighting
  2871 | D:4      | Reached XP level 6. HP: 43/48 MP: 6/6
  3478 | D:4      | Noticed futacatgirl's ghost (average GrFi)
  3502 | D:4      | Killed futacatgirl's ghost
  3502 | D:4      | Acquired Okawaru's first power
  3502 | D:4      | Reached XP level 7. HP: 20/54 MP: 7/7
  3735 | D:4      | Noticed an ogre
  3758 | D:5      | Entered Level 5 of the Dungeon
  3781 | D:5      | Reached skill level 5 in Maces & Flails
  3954 | D:5      | Found a glowing golden altar of the Shining One.
  3957 | D:5      | Found a basalt altar of Yredelemnul.
  3961 | D:5      | Noticed an angel
  3971 | D:5      | Noticed a profane servitor
  4072 | D:5      | Noticed futacatgirl's ghost (average GrFi)
  4160 | D:5      | HP: 1/55 [futacatgirl's ghost (11)]
  5212 | D:4      | Found an opulent altar of Gozag.
  5427 | D:2      | Slain by an ogre

Vault maps used:
D:1:      dpeg_arrival_solitude
D:2:      first_bread, tgw_fedhas
D:3:      nicolae_overflow_hidden_temple, okawaru_ov_weapons_minmay,
          grunt_temple_overflow_open
D:4:      nicolae_gozag_cash_rules_everything_around_me, minmay_ogre_servants
D:5:      grunt_temple_overflow_holy_war, minitemple

Action                   |  1- 3 |  4- 6 |  7- 9 || total
-------------------------+-------+-------+-------++-------
Melee: Flail             |    99 |   237 |       ||   336
       Whip              |       |       |   168 ||   168
Evoke: Wand              |       |       |     1 ||     1
  Use: Potion            |     1 |     4 |     2 ||     7
       Scroll            |       |     3 |     3 ||     6
  Eat: Bread ration      |     1 |     1 |     2 ||     4
       Beef jerky        |       |     1 |       ||     1
